 Dungeon Crawl Stone Soup version 0.18.1-1-g2f07953 (webtiles) character file.

1555 Korgoth the Cudgeler (level 8, -3/106 HPs)
             Began as a Minotaur Berserker on May 13, 2016.
             Was a High Priest of Trog.
             Slain by Joseph
             ... wielding a +1 quarterstaff of draining
              (13 damage)
             ... on level 7 of the Dungeon.
             The game lasted 00:51:32 (5723 turns).

Korgoth the Cudgeler (Minotaur Berserker)           Turns: 5723, Time: 00:51:33

Health: -3/106     AC: 13    Str: 26    XL:     8   Next: 58%
Magic:  7/7        EV: 10    Int:  4    God:    Trog [*****.]
Gold:   417        SH:  0    Dex: 10    Spells: 0 memorised, 7 levels left

rFire  + . .     SeeInvis .     A - +3 mace of Deflation {drain, rElec rC+ rN+ Str-3}
rCold  . . .     Gourm    .     a - +0 chain mail
rNeg   + + .     Faith    +     (no shield)
rPois  .         Spirit   .     (helmet restricted)
rElec  +         Dismiss  .     (no cloak)
rCorr  .         Reflect  .     l - +1 pair of gloves
SustAt .         Harm     .     z - +0 pair of boots {run}
MR     .....                    e - amulet of faith
Stlth  ..........               b - ring of fire
                                h - ring of positive energy

@: berserking, drained, very quick, not resistant to hostile enchantments,
extremely unstealthy
A: retaliatory headbutt, horns 2
a: Berserk, Trog's Hand, Brothers in Arms, Burn Spellbooks, Renounce Religion


You were on level 7 of the Dungeon.
You worshipped Trog.
Trog was extremely pleased with you.
You were not hungry.

You visited 2 branches of the dungeon, and saw 8 of its levels.
You also visited: Sewer.

You collected 417 gold pieces.

Inventory:

Hand Weapons
 f - a +0 flail
 y - a +0 whip of freezing
 A - the +3 mace of Deflation (weapon) {drain, rElec rC+ rN+ Str-3}
   (You found it on level 4 of the Dungeon)

   A truly terrible weapon, it drains the life of those it strikes.
   It affects your strength (-3).
   It protects you from cold.
   It insulates you from electricity.
   It protects you from negative energy.
Missiles
 c - 216 stones
 j - 3 tomahawks of returning (quivered)
 k - 82 arrows
 o - 17 poisoned needles
 v - 7 silver tomahawks
 N - 3 needles of paralysis
Armour
 a - a +0 chain mail (worn)
 l - a +1 pair of gloves (worn)
 t - a +1 ring mail of cold resistance
 z - a +0 pair of boots of running (worn)
 E - a +1 ring mail of magic resistance
Jewellery
 b - a ring of fire (right hand)
 e - an amulet of faith (around neck)
 g - an uncursed amulet of guardian spirit {unknown}
 h - a ring of positive energy (left hand)
 m - an uncursed amulet of the gourmand {unknown}
 L - a +2 ring of intelligence {unknown}
Scrolls
 D - a scroll of amnesia {unknown}
 G - a scroll of immolation
 H - a scroll of torment {unknown}
 I - a scroll of magic mapping {unknown}
 J - a scroll of random uselessness {unknown}
 K - a scroll of enchant weapon {unknown}
 M - a scroll of noise {unknown}
Potions
 i - a potion of invisibility
 q - a potion of beneficial mutation {unknown}
 r - 2 potions of lignification {unknown}
 s - 5 potions of flight {unknown}
 u - 5 potions of curing {unknown}
 w - a potion of cancellation {unknown}
 x - a potion of degeneration {unknown}
 C - a potion of brilliance {unknown}
 F - 3 potions of haste {unknown}
 O - 2 potions of heal wounds {unknown}
Comestibles
 d - 8 bread rations
 p - a beef jerky


   Skills:
 + Level 6.6(5.9) Fighting
 + Level 7.2(6.5) Maces & Flails
 + Level 4.0(3.3) Throwing
 + Level 6.2(5.5) Armour
 + Level 5.9(5.2) Dodging


You had 7 spell levels left.
You didn't know any spells.

Dungeon Overview and Level Annotations

Branches:
Dungeon (7/15)             Temple (1/1) D:4

Altars:
Ashenzari
Cheibriados
Dithmenos
Elyvilon
Fedhas
Gozag
Kikubaaqudgha
Makhleb
Nemelex Xobeh
Okawaru
Ru
Trog
Vehumet
Xom
Yredelemnul
Zin
The Shining One

Annotations:
D:7 Joseph


Innate Abilities, Weirdness & Mutations

You reflexively headbutt those who attack you in melee.
You have a pair of horns on your head.


Message History

You hit Joseph but do no damage. Your headbutt misses Joseph.
Joseph is moderately wounded.
Joseph hits you with an uncursed quarterstaff of draining!
* * * LOW HITPOINT WARNING * * *
You partially resist.
You feel drained. Joseph closely misses you.
A red film seems to cover your vision as you go berserk!
You feel yourself moving faster!
You feel mighty!
You feel somewhat more hungry.
Joseph hits you with an uncursed quarterstaff of draining!
* * * LOW HITPOINT WARNING * * *
You partially resist.
You feel drained.
You thump Joseph! Your headbutt misses Joseph.
Joseph is heavily wounded.
Joseph hits you with an uncursed quarterstaff of draining!
* * * LOW HITPOINT WARNING * * *
You partially resist.
You feel drained.
You closely miss Joseph. You headbutt Joseph, but do no damage.
Joseph is heavily wounded.
Joseph hits you with an uncursed quarterstaff of draining!
You die...

#......#....#......#
###.#######.#......#
##+#######>........
#.....#....######.
#..........#
#..........#
#......###.#
#......###.#
##....@....#
#?..@####......
#..............
##.............
#.............
........... ..
.........### .
#.........@
#!..........


You could see Joseph (berserk).

Vanquished Creatures
  Pikel (D:4)
  An orc warrior (D:6)
  A big kobold (Sewer)
  A howler monkey (D:5)
  3 crimson imps
  A hound (D:4)
  5 orc priests
  6 orc wizards
  2 giant frog skeletons
  An iguana (D:4)
  4 worker ants
  3 gnolls (D:2)
  A river rat (Sewer)
  4 adders
  3 shadow imps
  2 oozes
  4 worms
  A dart slug (D:3)
  8 giant geckos
  28 orcs
  4 bats
  7 giant cockroaches
  13 goblins
  5 hobgoblins
  10 jackals
  A quokka (D:4)
  A giant gecko zombie (D:6)
  5 giant newts
  14 kobolds
  11 rats
151 creatures vanquished.

Vanquished Creatures (others)
  A scorpion (D:4)
  An orc wizard (D:4)
  A gnoll (D:4)
  An adder (D:4)
  An orc (D:4)
  A giant newt (D:4)
  A jackal skeleton (D:4)
7 creatures vanquished.

Grand Total: 158 creatures vanquished

Notes
Turn   | Place    | Note
--------------------------------------------------------------
     0 | D:1      | Korgoth the Minotaur Berserker began the quest for the Orb.
     0 | D:1      | Reached XP level 1. HP: 19/19 MP: 0/0
   145 | D:1      | Reached XP level 2. HP: 25/27 MP: 1/1
   162 | D:1      | Reached skill level 4 in Maces & Flails
   379 | D:1      | Reached ** piety under Trog
  1154 | D:1      | Reached XP level 3. HP: 30/33 MP: 2/2
  1698 | D:2      | Reached XP level 4. HP: 32/40 MP: 3/3
  2074 | D:2      | Reached *** piety under Trog
  2612 | D:3      | Reached XP level 5. HP: 47/47 MP: 4/4
  2662 | D:3      | Reached skill level 5 in Maces & Flails
  2674 | D:3      | Reached skill level 1 in Throwing
  2678 | D:3      | Reached **** piety under Trog
  2843 | D:3      | Found a glowing golden altar of the Shining One.
  2861 | D:3      | Received a gift from Trog
  2932 | D:3      | Reached XP level 6. HP: 53/55 MP: 5/5
  3339 | D:4      | Noticed Pikel
  3346 | D:4      | Reached skill level 5 in Fighting
  3355 | D:4      | Noticed a slave
  3356 | D:4      | Noticed a slave
  3359 | D:4      | Noticed a slave
  3365 | D:4      | Noticed a slave
  3389 | D:4      | Killed Pikel
  3389 | D:4      | Received a gift from Trog
  3389 | D:4      | Reached skill level 6 in Maces & Flails
  3389 | D:4      | Reached skill level 5 in Armour
  3389 | D:4      | Reached skill level 5 in Dodging
  3389 | D:4      | Reached XP level 7. HP: 30/62 MP: 6/6
  3642 | D:4      | Found a shadowy altar of Dithmenos.
  3688 | D:4      | Got an ancient mace
  3831 | D:4      | Found a staircase to the Ecumenical Temple.
  3840 | Temple   | Entered the Ecumenical Temple
  4255 | D:5      | Entered Level 5 of the Dungeon
  4274 | D:5      | Found a sparkling altar of Nemelex Xobeh.
  4440 | D:5      | Identified a +0 pair of boots of running (You found it on level 4 of the Dungeon)
  4441 | D:5      | Identified the cursed +3 mace of Deflation {drain, rElec rC+ rN+ Str-3} (You found it on level 4 of the Dungeon)
  4525 | D:5      | Reached XP level 8. HP: 50/70 MP: 7/7
  4735 | D:6      | Reached skill level 7 in Maces & Flails
  4884 | D:6      | Reached ***** piety under Trog
  4895 | D:6      | Found a glowing drain.
  4925 | Sewer    | Entered a sewer
  5041 | Sewer    | Found a white marble altar of Elyvilon.
  5451 | D:6      | Found a sacrificial altar of Ru.
  5705 | D:7      | Noticed Joseph
  5723 | D:7      | Slain by Joseph

Skill      XL: |  1  2  3  4  5  6  7  8 |
---------------+-------------------------+-----
Maces & Flails | 4 5 6 7 |  7.2
Fighting       | 4 5 6 |  6.6
Armour         | 3 4 5 6 |  6.2
Dodging        | 3 5 |  5.9
Throwing       | 1 3 4 |  4.0

Action                   |  1- 3 |  4- 6 |  7- 9 || total
-------------------------+-------+-------+-------++-------
Melee: Mace              |    79 |    49 |   125 ||   253
       Headbutt          |    13 |    26 |    24 ||    63
       Flail             |       |    99 |    20 ||   119
Throw: Stone             |       |    10 |       ||    10
       Tomahawk          |       |     2 |     4 ||     6
Invok: Berserk           |     1 |       |     2 ||     3
  Use: Potion            |     1 |       |       ||     1
       Scroll            |       |     7 |     2 ||     9
  Eat: Bread ration      |     1 |       |       ||     1
       Chunk             |       |     4 |     4 ||     8
       Beef jerky        |       |     1 |       ||     1
       Pizza             |       |       |     1 ||     1
       Meat ration       |       |       |     1 ||     1
Armor: Animal skin       |     2 |       |       ||     2
       Ring mail         |    20 |       |       ||    20
       Chain mail        |     3 |    74 |    87 ||   164
Dodge: Dodged            |    49 |    66 |    69 ||   184
